 Dungeon Crawl Stone Soup version 0.14-a0-102-g2341383 (console) character file.

1098 Kellhus the Ruinous (level 8, 40/40 HPs)
             Began as a Gargoyle Wizard on Oct 2, 2013.
             Quit the game on Level 5 of the Dungeon.
             The game lasted 00:11:46 (5737 turns).

Kellhus the Ruinous (Gargoyle Wizard)               Turns: 5737, Time: 00:11:46

HP  40/40        AC  8     Str 13      XL: 8   Next:  2%
MP   1/21        EV 11     Int 21      God:
Gold 237         SH  0     Dex  8      Spells:  5 memorised,  8 levels left

Res.Fire  : . . .   See Invis. : .   D - -2,-3 flail (curse)
Res.Cold  : . . .   Warding    : .   a - +0 robe
Life Prot.: + . .   Conserve   : .   (no shield)
Res.Poison: +       Res.Corr.  : .   u - +0 orc helmet
Res.Elec. : +       Clarity    : .   (no cloak)
Sust.Abil.: . .     Spirit.Shd : .   (no gloves)
Res.Mut.  : .       Stasis     : .   (no boots)
Res.Rott. : +       Flight     : .   G - amulet of the gourmand
Gourmand  : +                        (no ring)
                                     E - cursed +2 ring of strength

@: very slightly contaminated, slightly resistant to hostile enchantments,
unstealthy
A: fangs 1, talons 2, life protection 1, electricity resistance, slow metabolism
1, unbreathing, petrification resistance, AC +5
a: no special abilities


You were on level 5 of the Dungeon.
You were very full.

You visited 1 branch of the dungeon, and saw 5 of its levels.

You collected 217 gold pieces.

Inventory:

Hand weapons
 D - a cursed -2,-3 flail (weapon)
 H - a +1 blowgun
Missiles
 A - 15 poisoned needles
Armour
 a - a +0 robe (worn)
 b - a +0 wizard hat
 u - a +0 orcish helmet (worn)
Magical devices
 K - a wand of heal wounds (0)
Comestibles
 d - 5 bread rations
 p - an apple
 w - a snozzcumber
 z - a rambutan
 C - a lychee
 I - 3 rotting chunks of orc flesh
Scrolls
 e - 5 scrolls of identify {unknown}
 g - a scroll of fear {unknown}
 h - 6 scrolls of teleportation {unknown}
 i - a scroll of fog {unknown}
 j - 2 scrolls of curse armour {unknown}
 n - 2 scrolls of amnesia {unknown}
 o - a scroll of curse jewellery {unknown}
 r - 2 scrolls of magic mapping {unknown}
 s - 3 scrolls of remove curse {unknown}
 v - 3 scrolls of enchant armour {unknown}
 y - a scroll of curse weapon {unknown}
 B - a scroll of recharging {unknown}
Jewellery
 x - an uncursed amulet of clarity {unknown}
 E - a cursed +2 ring of strength (left hand)
 G - an amulet of the gourmand (around neck)
Potions
 f - 2 potions of agility {unknown}
 k - 2 potions of heal wounds {unknown}
 l - 2 potions of curing {unknown}
 m - a potion of resistance {unknown}
 t - a potion of brilliance {unknown}
 F - a potion of might {unknown}
Books
 c - a book of Minor Magic

   Spells                             Type                      Level
   *Magic Dart                        Conjuration                  1
   *Blink                             Translocation                2
   Call Imp                           Summoning                    2
   *Repel Missiles                    Charms/Air                   2
   Slow                               Hexes                        2
   *Conjure Flame                     Conjuration/Fire             3
   *Mephitic Cloud                    Conjuration/Poison/Air       3


   Skills:
 - Level 1.5 Dodging
 - Level 2.1 Stealth
 - Level 6.2 Spellcasting
 + Level 7.0 Conjurations
   Level 0.8 Summonings
 - Level 0.8 Translocations


You had 8 spell levels left.
You knew the following spells:

 Your Spells              Type           Power        Failure   Level  Hunger
a - Magic Dart            Conj           ####         1%          1    None
b - Conjure Flame         Conj/Fire      ###.....     10%         3    ##.....
c - Mephitic Cloud        Conj/Pois/Air  ###.....     14%         3    ##.....
d - Blink                 Tloc           N/A          12%         2    None
e - Repel Missiles        Chrm/Air       #.........   14%         2    None


Dungeon Overview and Level Annotations

Branches:
Dungeon (5/27)
 Temple: D:4-7

Altars:
Ashenzari

Annotations:
D:2 exclusion: downstairs
D:4 DasRunzen's ghost, experienced MiFi


Innate Abilities, Weirdness & Mutations

You are resistant to torment.
You are immune to poison.
Your stone body is very resilient (AC +5).
You have very sharp teeth.
You have razor-sharp toenails.
You resist negative energy.
You are resistant to electric shocks.
You have a slow metabolism.
You can survive without breathing.
You are immune to petrification.


Message History

You kill the iguana!
Your Conjurations skill increases to level 7!
You have reached level 8!
You feel stronger.
You start resting.
A giant cockroach comes into view.
Casting: Magic Dart
Confirm with . or Enter, or press ? or * to list all spells.
Aiming: Magic Dart
Press: ? - help, Shift-Dir - straight line, f - giant cockroach
Aim: a giant cockroach (clinging)
The magic dart hits the giant cockroach.
The giant cockroach is moderately wounded.
Casting: Magic Dart
Confirm with . or Enter, or press ? or * to list all spells.
Aiming: Magic Dart
Press: ? - help, Shift-Dir - straight line, f/p - giant cockroach
Aim: a giant cockroach (moderately wounded, clinging)
The magic dart hits the giant cockroach.
You kill the giant cockroach!
Are you sure you want to abandon this character and quit the game? (Confirm with "yes".)

.....!.....
##......)....
..............
#..........%.
.........#
#.#.##..#
#####.%..%..#
#.....<.....#
#.......@...#
#...........#
#..%..#.#####
#>....#.#
#.....#.#
.....#.#
....#.# ##.. #


There were no monsters in sight!

Vanquished Creatures
  Grinder (D:3)
  Menkaure (D:4)
  An ogre (D:4)
  Duvessa (D:4)
  Dowan (D:4)
  A hound (D:4)
  3 orc wizards (D:4)
  A worker ant (D:4)
  An iguana (D:5)
  An ogre skeleton (D:3)
  Terence (D:3)
  5 adders
  A giant mite (D:4)
  An inept item mimic (D:4)
  An adder skeleton (D:4)
  3 giant geckos
  2 oozes (D:2)
  12 orcs
  3 giant cockroaches
  6 goblins
  7 hobgoblins
  A jackal (D:2)
  2 quokkas
  12 bats
  7 giant newts
  7 kobolds
  An orc skeleton (D:4)
  13 rats
97 creatures vanquished.

Notes
Turn   | Place    | Note
--------------------------------------------------------------
     0 | D:1      | Kellhus, the Gargoyle Wizard, began the quest for the Orb.
     0 | D:1      | Reached XP level 1. HP: 8/8 MP: 5/5
   578 | D:1      | Reached XP level 2. HP: 13/13 MP: 2/7
  1207 | D:2      | Found a shattered altar of Ashenzari.
  1427 | D:2      | Reached XP level 3. HP: 13/17 MP: 1/9
  1956 | D:3      | Reached skill level 4 in Conjurations
  1956 | D:3      | Reached XP level 4. HP: 22/22 MP: 0/11
  2386 | D:3      | Noticed Grinder
  2394 | D:3      | Paralysed by Grinder for 4 turns
  2410 | D:3      | Paralysed by Grinder for 2 turns
  2663 | D:3      | Noticed Terence
  2725 | D:3      | Killed Terence
  2836 | D:3      | Paralysed by Grinder for 5 turns
  3104 | D:3      | Paralysed by Grinder for 5 turns
  3112 | D:3      | Paralysed by Grinder for 7 turns
  3204 | D:2      | Reached skill level 5 in Conjurations
  3245 | D:3      | Paralysed by Grinder for 5 turns
  3420 | D:4      | Reached XP level 5. HP: 26/26 MP: 6/12
  3713 | D:4      | Learned a level 3 spell: Conjure Flame
  3717 | D:4      | Learned a level 3 spell: Mephitic Cloud
  3788 | D:4      | Noticed Menkaure
  3808 | D:4      | Killed Menkaure
  3808 | D:4      | Reached skill level 6 in Conjurations
  3808 | D:4      | Reached XP level 6. HP: 15/31 MP: 1/14
  4091 | D:4      | Noticed Duvessa
  4091 | D:4      | Noticed Dowan
  4490 | D:4      | Noticed DasRunzen's ghost (experienced MiFi)
  4545 | D:4      | Killed Dowan
  5018 | D:4      | Killed Duvessa
  5018 | D:4      | Reached XP level 7. HP: 35/35 MP: 6/18
  5354 | D:4      | Reached skill level 5 in Spellcasting
  5498 | D:4      | Learned a level 2 spell: Blink
  5501 | D:4      | Learned a level 2 spell: Repel Missiles
  5561 | D:3      | Paralysed by Grinder for 5 turns
  5577 | D:3      | Killed Grinder
  5717 | D:5      | Entered Level 5 of the Dungeon
  5732 | D:5      | Reached skill level 7 in Conjurations
  5732 | D:5      | Reached XP level 8. HP: 40/40 MP: 2/21
  5737 | D:5      | Quit the game

Action                   |  1- 3 |  4- 6 |  7- 9 || total
-------------------------+-------+-------+-------++-------
Melee: Unarmed           |       |     3 |       ||     3
       Flail             |       |     4 |       ||     4
 Cast: Magic Dart        |    86 |   175 |    66 ||   327
       Conjure Flame     |       |     3 |     1 ||     4
       Mephitic Cloud    |       |     4 |     2 ||     6
  Use: Scroll            |       |       |     1 ||     1
